 Dungeon Crawl Stone Soup version 0.18-b1-16-g289874d (webtiles) character file.

9 Alarkh the Charmwright (level 2, -3/22 HPs)
             Began as a Mummy Skald on May 1, 2016.
             Slain by Natasha (6 damage)
             ... on level 2 of the Dungeon.
             The game lasted 00:00:49 (413 turns).

Alarkh the Charmwright (Mummy Skald)                 Turns: 413, Time: 00:00:49

Health: -3/22      AC:  4    Str: 15    XL:     2   Next: 6%
Magic:  3/5        EV: 11    Int: 11    God:
Gold:   53         SH:  0    Dex: 11    Spells: 1 memorised, 4 levels left

rFire  x . .     SeeInvis .     a - +0 spear
rCold  + . .     Gourm    .     b - +0 leather armour
rNeg   + + +     Faith    .     (no shield)
rPois  ∞         Spirit   .     (no helmet)
rElec  .         Dismiss  .     (no cloak)
rCorr  .         Reflect  .     e - +0 pair of gloves
SustAt .         Harm     .     (no boots)
MR     .....                    (no amulet)
Stlth  +.........               (no ring)
                                (no ring)

@: very slightly contaminated, slowed, very slow, not resistant to hostile
enchantments, very unstealthy
A: no food or potions, fire vulnerability, cold resistance 1, negative energy
resistance 3, torment resistance, unbreathing
a: no special abilities


You were on level 2 of the Dungeon.
You were not hungry.

You visited 1 branch of the dungeon, and saw 2 of its levels.

You collected 53 gold pieces.

Inventory:

Hand Weapons
 a - a +0 spear (weapon)
Armour
 b - a +0 leather armour (worn)
 e - a +0 pair of gloves (worn)
Scrolls
 d - a scroll of teleportation {unknown}
 f - a scroll of remove curse {unknown}
 g - a scroll of blinking {unknown}
Books
 c - a book of Battle

   Spells                             Type                      Level
   a - Infusion                       Charms                       1
   b - Shroud of Golubria             Charms/Translocation         2
   c - Song of Slaying                Charms                       2
   d - Spectral Weapon                Hexes/Charms                 3
   e - Regeneration                   Charms/Necromancy            3


   Skills:
 - Level 2.0 Fighting
 * Level 2.0 Polearms
 - Level 0.7 Armour
 - Level 0.7 Dodging
 + Level 2.1 Spellcasting
 + Level 2.4 Charms


You had 4 spell levels left.
You knew the following spells:

 Your Spells              Type           Power        Failure   Level  Hunger
a - Infusion              Chrm           #...         14%         1    N/A

Dungeon Overview and Level Annotations

Branches:
Dungeon (2/15)

Altars:

Annotations:
D:2 Natasha


Innate Abilities, Weirdness & Mutations

You do not eat or drink.
Your flesh is vulnerable to fire.
You are immune to poison.
Your flesh is cold resistant.
You are immune to negative energy.
You are immune to unholy pain and torment.
You can survive without breathing.


Message History

Found a scroll labeled KIAMEATAJU and 24 sling bullets.
Natasha, Servant of Life and Death comes into view.
Natasha hisses angrily.
Found 25 stones.
Natasha stares at you and mumbles some strange words.
You feel yourself slow down. The hobgoblin misses you.
Natasha casts a spell at you.
You feel as though you will be slow longer.
The hobgoblin closely misses you. The hobgoblin hits you.
* * * LOW HITPOINT WARNING * * *
There is a stone staircase leading up here.
The hobgoblin misses you.
Found a stone staircase leading up.
Natasha casts a spell.
The hobgoblin hits you but does no damage.
There is a stone staircase leading up here.
The crimson imp closely misses you. Natasha claws you.
You die...

#### #######
....##.....##
............##
.............########
......)......#.?...(#
...<.........#....).#
S......@h....#......#
.......5g...........#
...........<.#........
..........$.##h.....##
....#.(....###......#
...##>###### #...(..#
... #. ######## .. #.


You could see Natasha, a crimson imp, a hobgoblin and a ball python (wandering).

Vanquished Creatures
  A giant gecko (D:1)
  2 ball pythons (D:1)
  A bat (D:1)
  A goblin (D:1)
  A hobgoblin (D:1)
  A rat (D:1)
7 creatures vanquished.

Notes
Turn   | Place    | Note
--------------------------------------------------------------
     0 | D:1      | Alarkh the Mummy Skald began the quest for the Orb.
     0 | D:1      | Reached XP level 1. HP: 16/16 MP: 3/3
   332 | D:1      | Reached XP level 2. HP: 22/22 MP: 1/5
   405 | D:2      | Noticed Natasha
   413 | D:2      | Noticed a crimson imp
   413 | D:2      | Slain by Natasha

Skill      XL: |  1 |
---------------+----+-----
Polearms       | 2 |  2.0
Fighting       | |  2.0
Armour         | |  0.7
Dodging        | |  0.7
Spellcasting   | |  2.1
Charms         | |  2.4

Action                   || total
-------------------------++-------
Melee: Spear             ||    29
 Cast: Infusion          ||     3
Armor: Leather armour    ||     9
Dodge: Dodged            ||    12
